 Dungeon Crawl Stone Soup version 0.27.1-33-g824d729ab1 (webtiles) character file.

Game seed: 12084883879847178971

14 zeram the Sneak (level 2, 0/16 HPs)
             Began as a Deep Elf Brigand on Dec 11, 2021.
             Slain by a quokka (3 damage)
             ... on level 1 of the Dungeon.
             The game lasted 00:01:36 (519 turns).

zeram the Sneak (Deep Elf Brigand)                   Turns: 519, Time: 00:01:37

Health: 0/16       AC:  3    Str:  8    XL:     2   Next: 31%
Magic:  4/4        EV: 12    Int: 15    God:
Gold:   48         SH:  0    Dex: 16    Spells: 1/1 levels left

rFire    . . .     SeeInvis .   g - +1 dagger (vamp)
rCold    . . .     Faith    .   (no shield)
rNeg     . . .     Spirit   .   b - +0 robe
rPois    .         Reflect  .   (no helmet)
rElec    .         Harm     .   c - +0 cloak
rCorr    .         Rampage  .   (no gloves)
Will     .....                  (no boots)
Stlth    +++.......             (no amulet)
HPRegen  0.05/turn              (no ring)
MPRegen  0.09/turn              (no ring)

@: no status effects
A: no striking features
a: no special abilities


You were on level 1 of the Dungeon.
You visited 1 branch of the dungeon, and saw 1 of its levels.

You collected 48 gold pieces.

Inventory:

Hand Weapons
 a - a +2 dagger
 g - a +1 vampiric dagger (weapon)
Missiles
 d - 7 poisoned darts (quivered)
 e - 2 curare-tipped darts
Armour
 b - a +0 robe (worn)
 c - a +0 cloak (worn)
Scrolls
 f - a scroll of enchant weapon {unknown}


   Skills:
 - Level 1.5 Fighting
 - Level 2.0 Short Blades
 - Level 2.0 Throwing
 - Level 1.2 Dodging
 + Level 5.7 Stealth


You had one spell level left.
You didn't know any spells.
Your spell library contained the following spells:

 Spells                   Type           Power      Damage    Failure   Level
 Sting                    Tmut/Pois      0%         1d3       26%         1
 Poisonous Vapours        Pois/Air       0%         N/A       38%         2
 Olgreb's Toxic Radiance  Pois           0%         N/A       95%         4


Dungeon Overview and Level Annotations

Branches:
Dungeon (1/15)

Altars:


Message History

A goblin is nearby!
A goblin is nearby!
A goblin is nearby!
A goblin is nearby!
A quokka comes into view.
A bat comes into view.
A goblin comes into view. It is wielding a +0 dagger.
The goblin hits you with a +0 club.
The goblin moves out of view.
You hit the goblin.
The goblin is heavily wounded.
The bat barely misses you. The goblin hits you but does no damage.
You hit the goblin.
You kill the goblin!
The bat closely misses you.
You hit the quokka.
The quokka is moderately wounded.
The bat hits you but does no damage. The quokka bites you.
You are too injured to fight recklessly!
You are too injured to fight recklessly!
You don't know any spells.
Sorry, you're not good enough to have a special ability.
You hit the quokka.
You feel better.
The quokka is almost dead.
The bat hits you. The quokka bites you.
You hit the quokka but do no damage.
The quokka is almost dead.
The bat hits you but does no damage. The quokka misses you.
You hit the quokka but do no damage.
The quokka is almost dead.
The bat hits you but does no damage. The quokka barely misses you.
You closely miss the quokka.
The quokka is almost dead.
The bat barely misses you.
The quokka twitches its whiskers.
The quokka barely misses you. The quokka bites you.
* * * LOW HITPOINT WARNING * * *
You hit the quokka but do no damage.
The quokka is severely wounded.
The bat barely misses you. The quokka bites you.
You die...

........ ..............#
##...... ...............
#......?
...............##...?...
........................
............. $........
...........# .........
......)r.>.# ##++++++...
.......@(..###.+....+K..
.......b.......+....+...
########...#...+b.<.+...
#.......+..w.'...
#...#.#.+''+++...
#...#............
#............##..
##...#######......
#....# #..........


You could see a quokka and a bat.

Vanquished Creatures
  2 dart slugs (D:1)
  2 goblins (D:1)
  A hobgoblin (D:1)
  A quokka (D:1)
  A ball python (D:1)
  A bat (D:1)
  A kobold (D:1)
  3 rats (D:1)
12 creatures vanquished.

Notes
Turn   | Place    | Note
-------+----------+-------------------------------------------
     0 | D:1      | zeram the Deep Elf Brigand began the quest for the Orb.
     0 | D:1      | Reached XP level 1. HP: 12/12 MP: 3/3
    56 | D:1      | Reached skill level 5 in Stealth
   250 | D:1      | Reached XP level 2. HP: 11/16 MP: 4/4
   519 | D:1      | Slain by a quokka

Illustrated notes

Levels and vault maps discovered:
D:1:      lightli_arrival_maybe_door_vault, layout_rooms

Skill      XL: |  1 |
---------------+----+-----
Stealth        | 5 |  5.7
Fighting       | |  1.5
Short Blades   | |  2.0
Throwing       | |  2.0
Dodging        | |  1.2

Action                   || total
-------------------------++-------
Melee: Dagger            ||    53
Throw: Dart              ||     3
 Stab: Sleeping          ||     2
Armor: Robe              ||    36
Dodge: Dodged            ||    76
